Workbook

Sheet Выпол дох 2023г 1 прил
C1: Приложение № 1
B2: к решению Думы Оекского муниципального образования
B3: от "___" ___________ 20____ г. № ________
A5: ПОКАЗАТЕЛИ ИСПОЛНЕНИЯ БЮДЖЕТА ОЕКСКОГО МУНИЦИПАЛЬНОГО ОБРАЗОВАНИЯ ЗА 2023 ГОД ПО КОДАМ КЛАССИФИКАЦИИ ДОХОДОВ БЮДЖЕТОВ
A7: Наименование показателя | B7: Код ГАД | C7: Код дохода по бюджетной классификации | D7: Кассовое исполнение (руб)
A10: 1 | B10: 2 | C10: 3 | D10: 4
A11: Доходы бюджета - всего | B11: х | C11: х | D11: 98437458
A12: в том числе:
A13: НАЛОГОВЫЕ И НЕНАЛОГОВЫЕ ДОХОДЫ | B13: х | C13: 1000000000 0000 000 | D13: 41981362
A14: НАЛОГИ НА ТОВАРЫ (РАБОТЫ, УСЛУГИ), РЕАЛИЗУЕМЫЕ НА ТЕРРИТОРИИ РОССИЙСКОЙ ФЕДЕРАЦИИ | B14: 182 | C14: 1030000000 0000 000 | D14: =D15 -> 4442362.9
A15: Акцизы по подакцизным товарам (продукции), производимым на территории Российской Федерации | B15: 182 | C15: 1030200001 0000 110 | D15: =D16+D18+D19+D20 -> 4442362.9
A16: Доходы от уплаты акцизов на дизельное топливо, подлежащие распределению между бюджетами субъектов Российской Федерации и местными бюджетами с учетом установленных дифференцированных нормативов отчислений в местные бюджеты (по нормативам, установленным Федеральным законом о федеральном бюджете в целях формирования дорожных фондов субъектов Российской Федерации) | B16: 182 | C16: 1030223101 0000 110 | D16: 2301830.4
A17: Доходы от уплаты акцизов на моторные масла для дизельных и (или) карбюраторных (инжекторных) двигателей, подлежащие распределению между бюджетами субъектов Российской Федерации и местными бюджетами с учетом установленных дифференцированных нормативов отчислений в местные бюджеты | B17: 010 | C17: 000 1030224001 0000 110 | D17: 9704.23
A18: Доходы от уплаты акцизов на моторные масла для дизельных и (или) карбюраторных (инжекторных) двигателей, подлежащие распределению между бюджетами субъектов Российской Федерации и местными бюджетами с учетом установленных дифференцированных нормативов отчислений в местные бюджеты (по нормативам, установленным Федеральным законом о федеральном бюджете в целях формирования дорожных фондов субъектов Российской Федерации) | B18: 182 | C18: 1030224101 0000 110 | D18: 12022.25
A19: Доходы от уплаты акцизов на автомобильный бензин, подлежащие распределению между бюджетами субъектов Российской Федерации и местными бюджетами с учетом установленных дифференцированных нормативов отчислений в местные бюджеты (по нормативам, установленным Федеральным законом о федеральном бюджете в целях формирования дорожных фондов субъектов Российской Федерации) | B19: 182 | C19: 1030225101 0000 110 | D19: 2379121.3
A20: Доходы от уплаты акцизов на прямогонный бензин, подлежащие распределению между бюджетами субъектов Российской Федерации и местными бюджетами с учетом установленных дифференцированных нормативов отчислений в местные бюджеты (по нормативам, установленным Федеральным законом о федеральном бюджете в целях формирования дорожных фондов субъектов Российской Федерации) | B20: 182 | C20: 1030226101 0000 110 | D20: -250611.02
A21: НАЛОГИ НА ПРИБЫЛЬ, ДОХОДЫ | B21: 182 | C21: 1010000000 0000 000 | D21: =D22 -> 8060598.6
A22: Налог на доходы физических лиц | B22: 182 | C22: 1010200001 0000 110 | D22: =SUM(D23:D27) -> 8060598.6
A23: Налог на доходы физических лиц с доходов, источником которых является налоговый агент, за исключением доходов, в отношении которых исчисление и уплата налога осуществляются в соответствии со статьями 227, 227.1 и 228 Налогового кодекса Российской Федерации | B23: 182 | C23: 1010201001 0000 110 | D23: 7925238.8
A24: Налог на доходы физических лиц с доходов, полученных от осуществления деятельности физическими лицами, зарегистрированными в качестве индивидуальных предпринимателей, нотариусов, занимающихся частной практикой, адвокатов, учредивших адвокатские кабинеты, и других лиц, занимающихся частной практикой в соответствии со статьей 227 Налогового кодекса Российской Федерации | B24: 182 | C24: 1010202001 0000 110 | D24: 5949.44
A25: Налог на доходы физических лиц с доходов, полученных физическими лицами в соответствии со статьей 228 Налогового кодекса Российской Федерации | B25: 182 | C25: 1010203001 0000 110 | D25: 108093.59
A26: Налог на доходы физических лиц в виде фиксированных авансовых платежей с доходов, полученных физическими лицами, являющимися иностранными гражданами, осуществляющими трудовую деятельность по найму на основании патента в соответствии со статьей 2271 Налогового кодекса Российской Федерации (сумма платежа (перерасчеты, недоимка и задолженность по соответствующему платежу, в том числе по отмененному) | B26: 182 | C26: 1010204001 1000 110 | D26: 21308.8
A27: Налог на доходы физических лиц в отношении доходов от долевого участия в организации, полученных в виде дивидендов (в части суммы налога, не превышающей 650 000,00 рублей) сумма платежа (перерасчеты, недоимка и задолженность по соответствующему платежу, в том числе по отмененному) | B27: 182 | C27: 1010213001 1000 110 | D27: 7.91
A28: НАЛОГИ НА СОВОКУПНЫЙ ДОХОД | B28: 182 | C28: 1050000000 0000 000 | D28: =D29 -> 138007.26
A29: Единый сельскохозяйственный налог | B29: 182 | C29: 1050300001 0000 110 | D29: 138007.26
A30: Единый сельскохозяйственный налог | B30: 010 | C30: 000 1050301001 0000 110 | D30: 17916.88
A31: НАЛОГИ НА ИМУЩЕСТВО | B31: 182 | C31: 1060000000 0000 000 | D31: =D33+D34 -> 29176612
A32: Налог на имущество физических лиц | B32: 010 | C32: 1060100000 0000 110 | D32: 1687504.7
A33: Налог на имущество физических лиц, взимаемый по ставкам, применяемым к объектам налогообложения, расположенным в границах сельских поселений | B33: 182 | C33: 1060103010 0000 110 | D33: 982636.48
A34: Земельный налог | B34: 182 | C34: 1060600000 0000 110 | D34: =D36+D38 -> 28193976
A35: Земельный налог с организаций | B35: 010 | C35: 1060603000 0000 110 | D35: 12321337
A36: Земельный налог с организаций, обладающих земельным участком, расположенным в границах сельских поселений | B36: 182 | C36: 1060603310 0000 110 | D36: 24617975
A37: Земельный налог с физических лиц | B37: 010 | C37: 1060604000 0000 110 | D37: 3892089.9
A38: Земельный налог с физических лиц, обладающих земельным участком, расположенным в границах сельских поселений | B38: 182 | C38: 1060604310 0000 110 | D38: 3576000.3
A39: ШТРАФЫ, САНКЦИИ, ВОЗМЕЩЕНИЕ УЩЕРБА | B39: 182 | C39: 1160000000 0000 000 | D39: =D40 -> 163784.37
A40: Доходы от сумм пеней, предусмотренных законодательством Российской Федерации о налогах и сборах, подлежащие зачислению в бюджеты субъектов Российской Федерации по нормативу, установленному Бюджетным кодексом Российской Федерации, распределяемые Федеральным казначейством между бюджетами субъектов Российской Федерации в соответствии с федеральным законом о федеральном бюджете | B40: 182 | C40: 1161800002 0000 140 | D40: 163784.37
A41: ГОСУДАРСТВЕННАЯ ПОШЛИНА | B41: 182 | C41: 1080000000 0000 000 | D41: =D43 -> 15750
A42: Государственная пошлина за совершение нотариальных действий (за исключением действий, совершаемых консульскими учреждениями Российской Федерации) | B42: 726 | C42: 1080400001 0000 110 | D42: 0
A43: Государственная пошлина за совершение нотариальных действий должностными лицами органов местного самоуправления, уполномоченными в соответствии с законодательными актами Российской Федерации на совершение нотариальных действий | B43: 182 | C43: 1080402001 0000 110 | D43: 15750
A44: ДОХОДЫ ОТ ИСПОЛЬЗОВАНИЯ ИМУЩЕСТВА, НАХОДЯЩЕГОСЯ В ГОСУДАРСТВЕННОЙ И МУНИЦИПАЛЬНОЙ СОБСТВЕННОСТИ | B44: 726 | C44: 1110000000 0000 000 | D44: =D47+D50+D46 -> 402251.62
A45: Платежи от государственных и муниципальных унитарных предприятий | B45: 010 | C45: 000 1110700000 0000 120 | D45: 25800
A46: Плата за публичный сервитут, предусмотренная решением уполномоченного органа об установлении публичного сервитута в отношении земельных участков, которые расположены в границах сельских поселений, находятся в федеральной собственности и осуществление полномочий Российской Федерации по управлению и распоряжению которыми передано органам государственной власти субъектов Российской Федерации и не предоставлены гражданам или юридическим лицам (за исключением органов государственной власти (государственных органов), органов местного самоуправления (муниципальных органов), органов управления государственными внебюджетными фондами и казенных учреждений) | B46: 000 | C46: 1110543010 0000 120 | D46: 0
A47: Доходы от перечисления части прибыли, остающейся после уплаты налогов и иных обязательных платежей муниципальных унитарных предприятий, созданных сельскими поселениями | B47: 726 | C47: 1110701510 0000 120 | D47: 25800
A48: Прочие доходы от использования имущества и прав, находящихся в государственной и муниципальной собственности (за исключением имущества бюджетных и автономных учреждений, а также имущества государственных и муниципальных унитарных предприятий, в том числе казенных) | B48: 010 | C48: 000 1110900000 0000 120 | D48: 279639.86
A49: Прочие поступления от использования имущества, находящегося в государственной и муниципальной собственности (за исключением имущества бюджетных и автономных учреждений, а также имущества государственных и муниципальных унитарных предприятий, в том числе казенных) | B49: 010 | C49: 000 1110904000 0000 120 | D49: 279639.86
A50: Прочие поступления от использования имущества, находящегося в собственности сельских поселений (за исключением имущества муниципальных бюджетных и автономных учреждений, а также имущества муниципальных унитарных предприятий, в том числе казенных) | B50: 726 | C50: 1110904510 0000 120 | D50: 376451.62
A51: ДОХОДЫ ОТ ОКАЗАНИЯ ПЛАТНЫХ УСЛУГ И КОМПЕНСАЦИИ ЗАТРАТ ГОСУДАРСТВА | B51: 726 | C51: 1130000000 0000 000 | D51: =D54+D57 -> 1069881.7
A52: Доходы от оказания платных услуг (работ) | B52: 726 | C52: 1130100000 0000 130 | D52: 612740.29
A53: Прочие доходы от оказания платных услуг (работ) | B53: 726 | C53: 1130199000 0000 130 | D53: 612740.29
A54: Прочие доходы от оказания платных услуг (работ) получателями средств бюджетов сельских поселений | B54: 726 | C54: 1130199510 0000 130 | D54: 848441.71
A55: Доходы от компенсации затрат государства | B55: 726 | C55: 1130200000 0000 130 | D55: 714771.1
A56: Доходы, поступающие в порядке возмещения расходов, понесенных в связи с эксплуатацией имущества | B56: 726 | C56: 1130206000 0000 130 | D56: 714771.1
A57: Доходы, поступающие в порядке возмещения расходов, понесенных в связи с эксплуатацией имущества сельских поселений | B57: 726 | C57: 1130206510 0000 130 | D57: 221440.01
A58: ДОХОДЫ ОТ ПРОДАЖИ МАТЕРИАЛЬНЫХ И НЕМАТЕРИАЛЬНЫХ АКТИВОВ | B58: 726 | C58: 1140000000 0000 000 | D58: =D59 -> 2249.59
A59: Доходы от продажи земельных участков, находящихся в собственности сельских поселений (за исключением земельных участков муниципальных бюджетных и автономных учреждений) | B59: 726 | C59: 1140602510 0000 430 | D59: 2249.59
A60: ШТРАФЫ, САНКЦИИ, ВОЗМЕЩЕНИЕ УЩЕРБА | B60: 726 | C60: 1160000000 0000 000 | D60: =D62+D65 -> 4402.08
A61: Административные штрафы, установленные законами субъектов Российской Федерации об административных правонарушениях | B61: 726 | C61: 1160200002 0000 140 | D61: 11000
A62: Административные штрафы, установленные законами субъектов Российской Федерации об административных правонарушениях, за нарушение муниципальных правовых актов | B62: 726 | C62: 1160202002 0000 140 | D62: 1000
A63: Штрафы, неустойки, пени, уплаченные в соответствии с законом или договором в случае неисполнения или ненадлежащего исполнения обязательств перед государственным (муниципальным) органом, органом управления государственным внебюджетным фондом, казенным учреждением, Центральным банком Российской Федерации, иной организацией, действующей от имени Российской Федерации | B63: 726 | C63: 1160700000 0000 140 | D63: 0
A64: Штрафы, неустойки, пени, уплаченные в случае просрочки исполнения поставщиком (подрядчиком, исполнителем) обязательств, предусмотренных государственным (муниципальным) контрактом | B64: 726 | C64: 1160701000 0000 140 | D64: 0
A65: Штрафы, неустойки, пени, уплаченные в случае просрочки исполнения поставщиком (подрядчиком, исполнителем) обязательств, предусмотренных муниципальным контрактом, заключенным муниципальным органом, казенным учреждением сельского поселения | B65: 726 | C65: 1160701010 0000 140 | D65: 3402.08
A66: ПРОЧИЕ НЕНАЛОГОВЫЕ ДОХОДЫ | B66: 726 | C66: 1170000000 0000 000 | D66: =D70 -> 0
A67: Невыясненные поступления | B67: 726 | C67: 1170100000 0000 180 | D67: 0
A68: Невыясненные поступления, зачисляемые в бюджеты сельских поселений | B68: 726 | C68: 1170105010 0000 180 | D68: 0
A69: Прочие неналоговые доходы | B69: 726 | C69: 1170500000 0000 180 | D69: 0
A70: Прочие неналоговые доходы бюджетов сельских поселений | B70: 726 | C70: 1170505010 0000 180 | D70: 0
A71: БЕЗВОЗМЕЗДНЫЕ ПОСТУПЛЕНИЯ | B71: 726 | C71: 2000000000 0000 000 | D71: =D72+D90 -> 48225741
A72: БЕЗВОЗМЕЗДНЫЕ ПОСТУПЛЕНИЯ ОТ ДРУГИХ БЮДЖЕТОВ БЮДЖЕТНОЙ СИСТЕМЫ РОССИЙСКОЙ ФЕДЕРАЦИИ | B72: 726 | C72: 2020000000 0000 000 | D72: 48146554
A73: Дотации бюджетам бюджетной системы Российской Федерации | B73: 726 | C73: 2021000000 0000 150 | D73: =D75 -> 29619000
A74: Дотации на выравнивание бюджетной обеспеченности из бюджетов муниципальных районов, городских округов с внутригородским делением | B74: 726 | C74: 2021600100 0000 150 | D74: 19922913
A75: Дотации бюджетам сельских поселений на выравнивание бюджетной обеспеченности из бюджетов муниципальных районов | B75: 726 | C75: 2021600110 0000 150 | D75: 29619000
A76: Субсидии бюджетам бюджетной системы Российской Федерации (межбюджетные субсидии) | B76: 726 | C76: 2022000000 0000 150 | D76: =D78+D80+D77 -> 22418145
A77: Субсидии бюджетам сельских поселений на закупку контейнеров для раздельного накопления твердых коммунальных отходов | B77: 726 | C77: 2022526910 0000 150 | D77: 0
A78: Субсидии бюджетам сельских поселений на реализацию программ формирования современной городской среды | B78: 726 | C78: 2022555510 0000 150 | D78: 3561400
A79: Прочие субсидии | B79: 726 | C79: 2022999900 0000 150 | D79: 3656100
A80: Прочие субсидии бюджетам сельских поселений | B80: 726 | C80: 2022999910 0000 150 | D80: 18856745
A81: Субвенции бюджетам бюджетной системы Российской Федерации | B81: 726 | C81: 2023000000 0000 150 | D81: =D85+D83 -> 434900
A82: Субвенции местным бюджетам на выполнение передаваемых полномочий субъектов Российской Федерации | B82: 726 | C82: 2023002400 0000 150 | D82: 700
A83: Субвенции бюджетам сельских поселений на выполнение передаваемых полномочий субъектов Российской Федерации | B83: 726 | C83: 2023002410 0000 150 | D83: 700
A84: Субвенции бюджетам на осуществление первичного воинского учета на территориях, где отсутствуют военные комиссариаты | B84: 726 | C84: 2023511800 0000 150 | D84: 335300
A85: Субвенции бюджетам сельских поселений на осуществление первичного воинского учета на территориях, где отсутствуют военные комиссариаты | B85: 726 | C85: 2023511810 0000 150 | D85: 434200
A86: Иные межбюджетные трансферты | B86: 726 | C86: 2024000000 0000 150 | D86: =D89+D88+D87 -> 2410325.9
A87: Межбюджетные трансферты, передаваемые бюджетам сельских поселений на поддержку отрасли культуры | B87: 726 | C87: 2024999910 0000 150 | D87: 208334
A88: Межбюджетные трансферты, передаваемые бюджетам сельских поселений из бюджетов муниципальных районов на осуществление части полномочий по решению вопросов местного значения в соответствии с заключенными соглашениями | B88: 726 | C88: 2024001410 0000 150 | D88: 46691.86
A89: Прочие межбюджетные трансферты, передаваемые бюджетам сельских поселений | B89: 726 | C89: 2024999910 0000 150 | D89: 2155300
A90: ПРОЧИЕ БЕЗВОЗМЕЗДНЫЕ ПОСТУПЛЕНИЯ | B90: 726 | C90: 20700000000000 000. | D90: =D92 -> 79187.03
A91: Прочие безвозмездные поступления в бюджеты сельских поселений
A92: Прочие безвозмездные поступления в бюджеты сельских поселений | B92: 726 | C92: 20705030100000 150. | D92: 79187.03

Sheet Выпол расх 2023г 2 прил
D1: Приложение № 2
D2: к решению Думы Оекского муниципального образования
C3: от "___" ___________ 20____ г. № ________
A5: ПОКАЗАТЕЛИ ИСПОЛНЕНИЯ БЮДЖЕТА ОЕКСКОГО МУНИЦИПАЛЬНОГО ОБРАЗОВАНИЯ ПО РАСХОДАМ ЗА 2023 ГОД ПО ПО ВЕДОМСТВЕННОЙ СТРУКТУРЕ РАСХОДОВ БЮДЖЕТА (ПО ГЛАВНЫМ РАСПОРЯДИТЕЛЯМ СРЕДСТВ БЮДЖЕТА, РАЗДЕЛАМ, ПОДРАЗДЕЛАМ, ЦЕЛЕВЫМ СТАТЬЯМ (ГОСУДАРСТВЕННЫМ ПРОГРАММАМ И НЕПРОГРАММНЫМ НАПРАВЛЕНИЯМ ДЕЯТЕЛЬНОСТИ), ГРУППАМ ВИДОВ РАСХОДОВ КЛАССИФИКАЦИИ РАСХОДОВ БЮДЖЕТОВ)
A7: Наименование показателя | B7: КВСР | C7: КФСР | D7: КЦСР | E7: Утвержденные бюджетные назначения | F7: КВР | G7: Кассовое исполнение, руб
A10: 1 | B10: 2 | D10: 3 | E10: 4 | G10: 4
A11: АДМИНИСТРАЦИЯ ОЕКСКОГО МУНИЦИПАЛЬНОГО ОБРАЗОВАНИЯ | B11: 726 | G11: =G12+G86+G102+G114+G136+G197+G226+G234+G242+G179+G188+0.02 -> 94895839
A12: ОБЩЕГОСУДАРСТВЕННЫЕ ВОПРОСЫ | B12: 726 | C12: 0100 | G12: =G13+G22+G58+G65+G51+5075 -> 39456763
A13: Функционирование высшего должностного лица субъекта Российской Федерации и муниципального образования | B13: 726 | C13: 0102 | G13: =G14 -> 3074328.2
A14: Непрограммные расходы органов местного самоуправления | B14: 726 | C14: 0102 | D14: 9100000000 | G14: =G15 -> 3074328.2
A15: Непрограммные расходы органов местного самоуправления за счет средств местного бюджета | B15: 726 | C15: 0102 | D15: 9110000000 | G15: =G16 -> 3074328.2
A16: Осуществление органами местного самоуправления полномочий местного значения поселения | B16: 726 | C16: 0102 | D16: 9110060000 | G16: =G18 -> 3074328.2
A17: Обеспечение деятельности в сфере установленных функций | B17: 726 | C17: 0102 | D17: 9110060001 | G17: =G18 -> 3074328.2
A18: Расходы на выплаты персоналу в целях обеспечения выполнения функций государственными (муниципальными) органами, казенными учреждениями, органами управления государственными внебюджетными фондами | B18: 726 | C18: 0102 | D18: 9110060001 | E18: 100 | F18: 100 | G18: =G19 -> 3074328.2
A19: Расходы на выплаты персоналу государственных (муниципальных) органов | B19: 726 | C19: 0102 | D19: 9110060001 | E19: 120 | F19: 120 | G19: =G20+G21 -> 3074328.2
A20: Фонд оплаты труда государственных (муниципальных) органов | B20: 726 | C20: 0102 | D20: 9110060001 | E20: 121 | F20: 121 | G20: 2358285
A21: Взносы по обязательному социальному страхованию на выплаты денежного содержания и иные выплаты работникам государственных (муниципальных) органов | B21: 726 | C21: 0102 | D21: 9110060001 | E21: 129 | F21: 129 | G21: 716043.23
A22: Функционирование Правительства Российской Федерации, высших исполнительных органов государственной власти субъектов Российской Федерации, местных администраций | B22: 726 | C22: 0104 | G22: =+G23 -> 26494363
A23: Непрограммные расходы органов местного самоуправления | B23: 726 | C23: 0104 | D23: 9100000000 | G23: =G24 -> 26494363
A24: Непрограммные расходы органов местного самоуправления за счет средств местного бюджета | B24: 726 | C24: 0104 | D24: 9110000000 | G24: =G25 -> 26494363
A25: Осуществление органами местного самоуправления полномочий местного значения поселения | B25: 726 | C25: 0104 | D25: 9110060000 | G25: =G26 -> 26494363
A26: Обеспечение деятельности в сфере установленных функций | B26: 726 | C26: 0104 | D26: 9110060001 | G26: =G27+G32+G39+G36 -> 26494363
A27: Расходы на выплаты персоналу в целях обеспечения выполнения функций государственными (муниципальными) органами, казенными учреждениями, органами управления государственными внебюджетными фондами | C27: 0104 | D27: 9110060001 | E27: 100 | F27: 100 | G27: =G28 -> 24230754
A28: Расходы на выплаты персоналу государственных (муниципальных) органов | B28: 726 | C28: 0104 | D28: 9110060001 | E28: 120 | F28: 120 | G28: =G29+G31+G30 -> 24230754
A29: Фонд оплаты труда государственных (муниципальных) органов | B29: 726 | C29: 0104 | D29: 9110060001 | E29: 121 | F29: 121 | G29: 18490556
A30: Иные выплаты персоналу государственных (муниципальных) органов, за исключением фонда оплаты труда | B30: 727 | C30: 0104 | D30: 9110060001 | E30: 121 | F30: 122 | G30: 13550
A31: Взносы по обязательному социальному страхованию на выплаты денежного содержания и иные выплаты работникам государственных (муниципальных) органов | B31: 726 | C31: 0104 | D31: 9110060001 | E31: 129 | F31: 129 | G31: 5726649
A32: Закупка товаров, работ и услуг для обеспечения государственных (муниципальных) нужд | B32: 726 | C32: 0104 | D32: 9110060001 | E32: 200 | F32: 200 | G32: =G33 -> 2185909.1
A33: Иные закупки товаров, работ и услуг для обеспечения государственных (муниципальных) нужд | B33: 726 | C33: 0104 | D33: 9110060001 | E33: 240 | F33: 240 | G33: =G34+G35 -> 2185909.1
A34: Прочая закупка товаров, работ и услуг | B34: 726 | C34: 0104 | D34: 9110060001 | E34: 244 | F34: 244 | G34: 1864158.1
A35: Закупка энергетических ресурсов | B35: 726 | C35: 0104 | D35: 9110060001 | F35: 247 | G35: 321751.03
A36: Социальное обеспечение и иные выплаты населению | B36: 726 | C36: 0104 | D36: 9110060001 | E36: 300 | F36: 300 | G36: =SUM(G37:G38) -> 66000
A37: Премии и гранты | B37: 726 | C37: 0104 | D37: 9110060001 | E37: 350 | F37: 350 | G37: 6000
A38: Иные выплаты населению | B38: 726 | C38: 0104 | D38: 9110060001 | E38: 360 | F38: 360 | G38: 60000
A39: Иные бюджетные ассигнования | B39: 726 | C39: 0104 | D39: 9110060001 | E39: 800 | F39: 800 | G39: =G42+G40 -> 11699.55
A40: Исполнение судебных актов | B40: 726 | C40: 0104 | D40: 9110060001 | E40: 830 | F40: 830 | G40: =G41 -> 0
A41: Исполнение судебных актов РФ и мировых соглашений по возмещению вреда, причиненного в результате незаконных действий (бездействия) органов государственной власти (государственных органов), органов местного самоуправления либо должностных лиц этих органов, а также в результате деятельности учреждений | B41: 726 | C41: 0104 | D41: 9110060001 | E41: 831 | F41: 831 | G41: 0
A42: Уплата налогов, сборов и иных платежей | B42: 726 | C42: 0104 | D42: 9110060001 | E42: 850 | F42: 850 | G42: =G44+G45+G43 -> 11699.55
A43: Уплата налога на имущество организаций и земельного налога | B43: 726 | C43: 0104 | D43: 9110060001 | E43: 851 | F43: 851 | G43: 0
A44: Уплата прочих налогов, сборов | B44: 726 | C44: 0104 | D44: 9110060001 | E44: 852 | F44: 852 | G44: 9032
A45: Уплата иных платежей | B45: 726 | C45: 0104 | D45: 9110060001 | E45: 853 | F45: 853 | G45: 2667.55
A46: Непрограммные расходы органов местного самоуправления за счет средств областного бюджета | B46: 726 | C46: 0104 | D46: 9120000000 | E46: 000 | F46: 000 | G46: =G47 -> 700
A47: Субвенции на осуществление областного государственного полномочия по определению перечня должностных лиц органов местного самоуправления, уполномоченных составлять протоколы об административных правонарушениях, предусмотренных отдельными законами Иркутской области об административной ответственности | B47: 726 | C47: 0104 | D47: 9120073150 | G47: =G48 -> 700
A48: Закупка товаров, работ и услуг для обеспечения государственных (муниципальных) нужд | B48: 726 | C48: 0104 | D48: 9120073150 | E48: 200 | F48: 200 | G48: =G49 -> 700
A49: Иные закупки товаров, работ и услуг для обеспечения государственных (муниципальных) нужд | B49: 726 | C49: 0104 | D49: 9120073150 | E49: 240 | F49: 240 | G49: =G50 -> 700
A50: Прочая закупка товаров, работ и услуг | B50: 726 | C50: 0104 | D50: 9120073150 | E50: 244 | F50: 244 | G50: 700
A51: Обеспечение проведения выборов и референдумов | B51: 726 | C51: 0107 | G51: =G57 -> 0
A52: Непрограммные расходы органов местного самоуправления | B52: 726 | C52: 0107 | D52: 9100000000 | G52: =G57 -> 0
A53: Непрограммные расходы органов местного самоуправления за счет средств местного бюджета | B53: 726 | C53: 0107 | D53: 9110000000 | G53: =G57 -> 0
A54: Осуществление органами местного самоуправления полномочий местного значения поселения | B54: 726 | C54: 0107 | D54: 9110060000 | G54: =G57 -> 0
A55: Проведение выборов и референдумов | B55: 726 | C55: 0107 | D55: 9110060003 | E55: 000 | F55: 000 | G55: =G56 -> 0
A56: Иные бюджетные ассигнования | B56: 726 | C56: 0107 | D56: 9110060003 | E56: 800 | F56: 800 | G56: =G57 -> 0
A57: Специальные расходы | B57: 726 | C57: 0107 | D57: 9110060003 | E57: 880 | F57: 880 | G57: 0
A58: Резервные фонды | B58: 726 | C58: 0111 | G58: =G59 -> 0
A59: Непрограммные расходы органов местного самоуправления | B59: 726 | C59: 0111 | D59: 9100000000 | G59: =G60 -> 0
A60: Непрограммные расходы органов местного самоуправления за счет средств местного бюджета | B60: 726 | C60: 0111 | D60: 9110000000 | G60: =G61 -> 0
A61: Осуществление органами местного самоуправления полномочий местного значения поселения | B61: 726 | C61: 0111 | D61: 9110060000 | G61: =G62 -> 0
A62: Резервный фонд администрации муниципального образования | B62: 726 | C62: 0111 | D62: 9110060004 | G62: =G63 -> 0
A63: Иные бюджетные ассигнования | B63: 726 | C63: 0111 | D63: 9110060004 | E63: 800 | F63: 800 | G63: =G64 -> 0
A64: Резервные средства | B64: 726 | C64: 0111 | D64: 9110060004 | E64: 870 | F64: 870 | G64: 0
A65: Другие общегосударственные вопросы | C65: 0113 | G65: =G66 -> 9882996.7
A66: Непрограммные расходы органов местного самоуправления | B66: 726 | C66: 0113 | D66: 9100000000 | G66: =G67 -> 9882996.7
A67: Непрограммные расходы органов местного самоуправления за счет средств местного бюджета | B67: 726 | C67: 0113 | D67: 9110000000 | G67: =G68 -> 9882996.7
A68: Осуществление органами местного самоуправления полномочий местного значения поселения | B68: 726 | C68: 0113 | D68: 9110060000 | G68: =G69+G82 -> 9882996.7
A69: Обеспечение деятельности в сфере установленных функций бюджетных, автономных и казенных учреждений | C69: 0113 | D69: 9110060002 | G69: =G70+G75+G78 -> 9879874.9
A70: Расходы на выплаты персоналу в целях обеспечения выполнения функций государственными (муниципальными) органами, казенными учреждениями, органами управления государственными внебюджетными фондами | B70: 726 | C70: 0113 | D70: 9110060002 | E70: 100 | F70: 100 | G70: =G71 -> 8961942.3
A71: Расходы на выплаты персоналу казенных учреждений | B71: 726 | C71: 0113 | D71: 9110060002 | E71: 110 | F71: 110 | G71: =G72+G74 -> 8961942.3
A72: Фонд оплаты труда учреждений | B72: 726 | C72: 0113 | D72: 9110060002 | E72: 111 | F72: 111 | G72: 6847707
A73: Иные выплаты персоналу учреждений, за исключением фонда оплаты труда | B73: 727 | C73: 0113 | D73: 9110060002 | E73: 111 | F73: 112 | G73: 4375
A74: Взносы по обязательному социальному страхованию на выплаты по оплате труда работников и иные выплаты работникам учреждений | B74: 726 | C74: 0113 | D74: 9110060002 | E74: 119 | F74: 119 | G74: 2114235.3
A75: Закупка товаров, работ и услуг для обеспечения государственных (муниципальных) нужд | B75: 726 | C75: 0113 | D75: 9110060002 | E75: 200 | F75: 200 | G75: =G76 -> 916359.86
A76: Иные закупки товаров, работ и услуг для обеспечения государственных (муниципальных) нужд | B76: 726 | C76: 0113 | D76: 9110060002 | E76: 240 | F76: 240 | G76: =G77 -> 916359.86
A77: Прочая закупка товаров, работ и услуг | B77: 726 | C77: 0113 | D77: 9110060002 | E77: 244 | F77: 244 | G77: 916359.86
A78: Иные бюджетные ассигнования | B78: 726 | C78: 0113 | D78: 9110060002 | E78: 800 | F78: 800 | G78: =G79 -> 1572.78
A79: Уплата налогов, сборов и иных платежей | B79: 726 | C79: 0113 | D79: 9110060002 | E79: 850 | F79: 850 | G79: =G80+G81 -> 1572.78
A80: Уплата прочих налогов, сборов | C80: 0113 | D80: 9110060002 | E80: 852 | F80: 852 | G80: 0
A81: Уплата иных платежей | B81: 726 | C81: 0113 | D81: 9110060002 | E81: 853 | F81: 853 | G81: 1572.78
A82: Строительство, реконструкция, капитальный ремонт в сфере установленных функций | B82: 726 | C82: 0113 | D82: 9110060008 | G82: =G83 -> 3121.8
A83: Закупка товаров, работ и услуг для обеспечения государственных (муниципальных) нужд | B83: 726 | C83: 0113 | D83: 9110060008 | E83: 200 | F83: 200 | G83: =G84 -> 3121.8
A84: Иные закупки товаров, работ и услуг для обеспечения государственных (муниципальных) нужд | B84: 726 | C84: 0113 | D84: 9110060008 | E84: 240 | F84: 240 | G84: =G85 -> 3121.8
A85: Прочая закупка товаров, работ и услуг | B85: 726 | C85: 0113 | D85: 9110060008 | E85: 244 | F85: 244 | G85: 3121.8
A86: НАЦИОНАЛЬНАЯ ОБОРОНА | B86: 726 | C86: 0200 | G86: =G87 -> 457800
A87: Мобилизационная и вневойсковая подготовка | B87: 726 | C87: 0203 | G87: =G94+G89 -> 457800
A88: Непрограммные расходы органов местного самоуправления | B88: 726 | C88: 0203 | D88: 9100000000 | G88: =G93+G90 -> 457800
A89: Иные мероприятия в сфере установленных функций | B89: 726 | C89: 0203 | D89: 9110060011 | G89: =G92 -> 23600
A90: Закупка товаров, работ и услуг для обеспечения государственных (муниципальных) нужд | B90: 726 | C90: 0203 | D90: 9110060011 | E90: 200 | F90: 200 | G90: =G91 -> 23600
A91: Иные закупки товаров, работ и услуг для обеспечения государственных (муниципальных) нужд | B91: 726 | C91: 0203 | D91: 9110060011 | E91: 240 | F91: 240 | G91: =G92 -> 23600
A92: Прочая закупка товаров, работ и услуг | B92: 726 | C92: 0203 | D92: 9110060011 | E92: 244 | F92: 244 | G92: 23600
A93: Непрограммные расходы органов местного самоуправления за счет средств федерального бюджета | B93: 726 | C93: 0203 | D93: 9130000000 | G93: =G94 -> 434200
A94: Осуществление первичного воинского учета на территориях, где отсутствуют военные комиссариаты | B94: 726 | C94: 0203 | D94: 9130051180 | G94: =G95+G99 -> 434200
A95: Расходы на выплаты персоналу в целях обеспечения выполнения функций государственными (муниципальными) органами, казенными учреждениями, органами управления государственными внебюджетными фондами | B95: 726 | C95: 0203 | D95: 9130051180 | E95: 100 | F95: 100 | G95: =G96 -> 434200
A96: Расходы на выплаты персоналу государственных (муниципальных) органов | B96: 726 | C96: 0203 | D96: 9130051180 | E96: 120 | F96: 120 | G96: =G97+G98 -> 434200
A97: Фонд оплаты труда государственных (муниципальных) органов | B97: 726 | C97: 0203 | D97: 9130051180 | E97: 121 | F97: 121 | G97: 335469.5
A98: Взносы по обязательному социальному страхованию на выплаты денежного содержания и иные выплаты работникам государственных (муниципальных) органов | B98: 726 | C98: 0203 | D98: 9130051180 | E98: 129 | F98: 129 | G98: 98730.5
A99: Закупка товаров, работ и услуг для обеспечения государственных (муниципальных) нужд | B99: 726 | C99: 0203 | D99: 9130051180 | E99: 200 | F99: 200 | G99: =G100 -> 0
A100: Иные закупки товаров, работ и услуг для обеспечения государственных (муниципальных) нужд | B100: 726 | C100: 0203 | D100: 9130051180 | E100: 240 | F100: 240 | G100: =G101 -> 0
A101: Прочая закупка товаров, работ и услуг | B101: 726 | C101: 0203 | D101: 9130051180 | E101: 244 | F101: 244 | G101: 0
A102: НАЦИОНАЛЬНАЯ БЕЗОПАСНОСТЬ И ПРАВОХРАНИТЕЛЬНАЯ ДЕЯТЕЛЬНОСТЬ | B102: 726 | C102: 0300 | G102: =G103 -> 510217
A103: Обеспечение пожарной безопасности | B103: 726 | C103: 0310 | G103: =G104 -> 510217
A104: Программные расходы | B104: 726 | C104: 0310 | D104: 2000000000 | G104: =G105+G110 -> 510217
...

Sheet Выпол расх 2023 3 прил
B1: Приложение № 3
B2: к решению Думы Оекского муниципального образования
A3: от "___" ___________ 20____ г. № ________
A7: ПОКАЗАТЕЛИ ИСПОЛНЕНИЕ БЮДЖЕТА ОЕКСКОГО МУНИЦИПАЛЬНОГО ОБРАЗОВАНИЯ ПО РАСХОДАМ ЗА 2023 ГОД ПО РАЗДЕЛАМ И ПОДРАЗДЕЛАМ КЛАССИФИКАЦИИ РАСХОДОВ БЮДЖЕТА
A9: Наименование | B9: РЗ | C9: ПР | D9: Кассовое исполнение (руб)
A10: ОБЩЕГОСУДАРСТВЕННЫЕ ВОПРОСЫ | B10: 01 | D10: ='Выпол расх 2023г 2 прил'!G12 -> 39456763
A11: Функционирование высшего должностного лица субъекта Российской Федерации и органа местного самоуправления | B11: 01 | C11: 02 | D11: ='Выпол расх 2023г 2 прил'!G13 -> 3074328.2
A12: Функционирование законодательных (представительных) органов государственной власти субъектов Российской Федерации и органов местного самоуправления | B12: 01 | C12: 03 | D12: 0
A13: Функционирование Правительства Российской Федерации, высших исполнительных органов государственной власти субъектов РФ, местных администраций | B13: 01 | C13: 04 | D13: ='Выпол расх 2023г 2 прил'!G22 -> 26494363
A14: Обеспечение проведения выборов и референдумов | B14: 01 | C14: 07 | D14: ='Выпол расх 2023г 2 прил'!G51 -> 0
A15: Резервные фонды | B15: 01 | C15: 11 | D15: ='Выпол расх 2023г 2 прил'!G58 -> 0
A16: Другие общегосударственные вопросы | B16: 01 | C16: 13 | D16: ='Выпол расх 2023г 2 прил'!G66 -> 9882996.7
A17: НАЦИОНАЛЬНАЯ ОБОРОНА | B17: 02 | D17: ='Выпол расх 2023г 2 прил'!G86 -> 457800
A18: Мобилизационная и вневойсковая подготовка | B18: 02 | C18: 03 | D18: 457800
A19: НАЦИОНАЛЬНАЯ БЕЗОПАСНОСТЬ И ПРАВОХРАНИТЕЛЬНАЯ ДЕЯТЕЛЬНОСТЬ | B19: 03 | D19: ='Выпол расх 2023г 2 прил'!G103 -> 510217
A20: Обеспечение пожарной безопасности | B20: 03 | C20: 10 | D20: ='Выпол расх 2023г 2 прил'!G103 -> 510217
A21: НАЦИОНАЛЬНАЯ ЭКОНОМИКА | B21: 04 | D21: =D23+D22 -> 2602764.6
A22: Дорожное хозяйство | B22: 04 | C22: 09 | D22: ='Выпол расх 2023г 2 прил'!G116 -> 1253665.6
A23: Другие вопросы в области национальной экономики | B23: 04 | C23: 12 | D23: ='Выпол расх 2023г 2 прил'!G122 -> 1349099
A24: ЖИЛИЩНО-КОММУНАЛЬНОЕ ХОЗЯЙСТВО | B24: 05 | D24: =D25+D27+D26 -> 9475840.7
A25: Жилищное хозяйство | B25: 05 | C25: 01
A26: Коммунальное хозяйство | B26: 05 | C26: 02
A27: Благоустройство | B27: 05 | C27: 03 | D27: ='Выпол расх 2023г 2 прил'!G137 -> 9475840.7
A28: ОХРАНА ОКРУЖАЮЩЕЙ СРЕДЫ | B28: 06 | D28: ='Выпол расх 2023г 2 прил'!G179 -> 1127083.4
A29: Другие вопросы в области охраны окружающей среды | B29: 06 | C29: 05 | D29: =D28 -> 1127083.4
A30: ОБРАЗОВАНИЕ | B30: 07 | D30: ='Выпол расх 2023г 2 прил'!G188 -> 41500
A31: СРЕДНЕЕ ПРОФЕССИОНАЛЬНОЕ ОБРАЗОВАНИЕ | B31: 07 | C31: 04 | D31: ='Выпол расх 2023г 2 прил'!G190 -> 12500
A32: ПРОФЕССИОНАЛЬНАЯ ПОДГОТОВКА, ПЕРЕПОДГОТОВКА И ПОВЫШЕНИЕ КВАЛИФИКАЦИИ | B32: 07 | C32: 05 | D32: ='Выпол расх 2023г 2 прил'!G193 -> 29000
A33: КУЛЬТУРА, КИНЕМАТОГРАФИЯ | B33: 08 | D33: =D34 -> 40187762
A34: Культура | B34: 08 | C34: 01 | D34: ='Выпол расх 2023г 2 прил'!G197 -> 40187762
A35: СОЦИАЛЬНАЯ ПОЛИТИКА | B35: 10 | D35: =D36 -> 731424
A36: Пенсионное обеспечение | B36: 10 | C36: 01 | D36: ='Выпол расх 2023г 2 прил'!G227 -> 731424
A37: ОБСЛУЖИВАНИЕ ГОСУДАРСТВЕННОГО И МУНИЦИПАЛЬНОГО ДОЛГА | B37: 13 | C37: 00 | D37: =D38 -> 51068.6
A38: Обслуживание государственного внутреннего и муниципального долга | B38: 13 | C38: 01 | D38: ='Выпол расх 2023г 2 прил'!G234 -> 51068.6
A39: МЕЖБЮДЖЕТНЫЕ ТРАНСФЕРТЫ ОБЩЕГО ХАРАКТЕРА БЮДЖЕТАМ БЮДЖЕТНОЙ СИСТЕМЫ РОССИЙСКОЙ ФЕДЕРАЦИИ | B39: 14 | D39: =D40 -> 253615.28
A40: Прочие межбюджетные трансферты общего характера | B40: 14 | C40: 03 | D40: ='Выпол расх 2023г 2 прил'!G249 -> 253615.28
A41: ИТОГО РАСХОДОВ | D41: =D10+D17+D19+D21+D24+D33+D35+D39+D37+D28+D30+0.02 -> 94895839

Sheet Выпол по источ 2024г 4 прил 
C1: Приложение № 4
C2: к решению Думы Оекского муниципального образования
A3: от "___" ___________ 20____ г. № ________
A5: ПОКАЗАТЕЛИ ИСПОЛНЕНИЕ БЮДЖЕТА ОЕКСКОГО МУНИЦИПАЛЬНОГО ОБРАЗОВАНИЯ ПО ИСТОЧНИКАМ ФИНАНСИРОВАНИЯ ДЕФИЦИТА БЮДЖЕТА ЗА 2023 ГОД ПО КОДАМ КЛАССИФИКАЦИИ ИСТОЧНИКОВ ФИНАНСИРОВАНИЯ ДЕФИЦИТОВ БЮДЖЕТОВ
A7: Наименование показателей | B7: Код строки | C7: Код источников финансирования | D7: Утвержденные бюджетные назначения | E7: Сумма, тыс.руб | F7: Неисполненные назначения
A9: 1 | C9: 2 | E9: 3
A10: Источники финансирования дефицита бюджета - всего | E10: =E24+E20 -> -3541619.1
A11: Кредиты кредитных организаций в валюте Российской Федерации | C11: 72601020000000000000 | E11: =E12+E15 -> 0
A12: Получение кредитов от кредитных организаций в валюте Российской Федерации | B12: 2 | C12: 72601020000000000700 | D12: 4 | E12: =E13 -> 0 | F12: 6
A13: Кредиты, полученные в валюте Российской Федерации от кредитных организаций | B13: 500 | C13: 72601020000000000710 | D13: =D27+D21+D14 -> #REF! | E13: =E14 -> 0 | F13: 5465624.3
A14: Получение кредитов от кредитных организаций бюджетами поселений в валюте Российской Федерации | C14: 72601020000100000710 | D14: =D15+D18 -> 0 | E14: 0
A15: Погашение кредитов, предоставленных кредитными организациями в валюте Российской Федерации | B15: 520 | C15: 726 01 02 00 00 00 0000 800 | D15: =D16 -> 0 | E15: =E16 -> 0 | F15: 2319100
A16: Кредиты, полученные в валюте Российской Федерации от кредитных организаций | C16: 726 01 02 00 00 00 0000 810 | D16: =D17 -> 0 | E16: =E17 -> 0
A17: Погашение бюджетами поселений кредитов от кредитных организаций в валюте Российской Федерации | B17: 520 | C17: 726 01 02 00 00 10 0000 810 | D17: 0 | E17: 0 | F17: 2319100
A18: Бюджетные кредиты из других бюджетов бюджетной системы Российской Федерации | B18: 520 | C18: 72601030000000000000 | D18: =D19 -> 0 | E18: =E19 -> -2020000 | F18: 2319100
A19: Бюджетные кредиты из других бюджетов бюджетной системы Российской Федерации в валюте Российской Федерации | B19: 520 | C19: 72601030100000000000 | D19: =D20 -> 0 | E19: =E20+E22 -> -2020000 | F19: 2319100
A20: Привлечение бюджетных кредитов из других бюджетов бюджетной системы Российской Федерации в валюте Российской Федерации | B20: 520 | C20: 72601030100000000700 | D20: 0 | E20: =E21 -> -1010000 | F20: -
A21: Привлечение кредитов из других бюджетов бюджетной системы Российской Федерации бюджетами сельских поселений в валюте Российской Федерации | B21: 520 | C21: 72601030100100000710 | D21: =D22 -> 1480 | E21: -1010000 | F21: -
A22: Погашение бюджетных кредитов, полученных от других бюджетов бюджетной системы Российской Федерации в валюте Российской Федерации | B22: 520 | C22: 72601030100000000800 | D22: =D23+D25 -> 1480 | E22: =E23 -> -1010000 | F22: -
A23: Погашение бюджетами поселений кредитов от других бюджетов бюджетной системы Российской Федерации в валюте Российской Федерации | B23: 520 | C23: 72601030100100000810 | D23: =D24 -> 1480 | E23: -1010000 | F23: -
A24: Изменение остатков средств на счетах по учету средств бюджета | B24: 520 | C24: 72601050000000000000 | D24: 1480 | E24: =E25+E32 -> -2531619.1 | F24: -
A25: Увеличение остатков средств бюджетов | B25: 520 | C25: 72601050000000000500 | D25: =D26 -> 0 | E25: =E26 -> -99632403 | F25: -
A26: Увеличение прочих остатков средств бюджетов | B26: 620 | C26: 72601050200000000500 | D26: 0 | E26: =E27 -> -99632403 | F26: -
A27: Увеличение прочих остатков денежных средств бюджетов | C27: 72601050201000000510 | D27: =D28+#REF! -> #REF! | E27: =E28 -> -99632403
A28: Увеличение прочих остатков денежных средств бюджетов поселений | B28: 700 | C28: 72601050201100000510 | D28: =D29 -> -1480.1 | E28: =-99632403.43 -> -99632403 | F28: 3146524.3
A29: Уменьшение остатков средств бюджетов | B29: 710 | C29: 72601050000000000600 | D29: =D30 -> -1480.1 | E29: =E30 -> 97100784 | F29: X
A30: Уменьшение прочих остатков средств бюджетов | B30: 710 | C30: 72601050200000000600 | D30: =D31 -> -1480.1 | E30: =E31 -> 97100784 | F30: X
A31: Уменьшение прочих остатков денежных средств бюджетов | B31: 710 | C31: 72601050201000000610 | D31: =-'[1]прил№1 '!D97-D21-0.1 -> -1480.1 | E31: =E32 -> 97100784 | F31: X
A32: Уменьшение прочих остатков денежных средств бюджетов поселений | B32: 710 | C32: 72601050201100000610 | D32: =#REF! -> #REF! | E32: 97100784 | F32: X
